 Dungeon Crawl Stone Soup version 0.21.0 (webtiles) character file.

1929 mopl the Caller (level 8, -6/52 HPs)
             Began as a Mummy Summoner on Jan 7, 2018.
             Was a Follower of Sif Muna.
             Shot with an arrow by a centaur (9 damage)
             ... on level 8 of the Dungeon.
             The game lasted 00:20:33 (8516 turns).

mopl the Caller (Mummy Summoner)                    Turns: 8516, Time: 00:20:33

Health: -6/52      AC:  4    Str: 11    XL:     8   Next: 96%
Magic:  17/27      EV: 12    Int: 16    God:    Sif Muna [*.....]
Gold:   492        SH:  0    Dex: 13    Spells: 4/21 levels left

rFire    . . .     SeeInvis .   a - +0 trident
rCold    . . .     Gourm    .   (no shield)
rNeg     + + +     Faith    .   t - +0 robe
rPois    ∞         Spirit   .   (no helmet)
rElec    .         Reflect  .   q - +1 cloak {MR+}
rCorr    .         Harm     .   (no gloves)
MR       ++...                  (no boots)
Stlth    ++........             (no amulet)
HPRegen  0.17/turn              d - ring of magical power
MPRegen  0.20/turn              E - ring of fire

@: no status effects
A: no food or potions, fire vulnerability, cold resistance 1, negative energy
resistance 3, torment resistance, unbreathing
a: Divine Energy, Renounce Religion


You were on level 8 of the Dungeon.
You worshipped Sif Muna.
Sif Muna was aware of your devotion.
You were not hungry.

You visited 2 branches of the dungeon, and saw 9 of its levels.

You collected 492 gold pieces.

Inventory:

Hand Weapons
 a - a +0 trident (weapon)
 j - a +0 falchion
 k - a +0 spear
 r - a +2 quarterstaff of chaos
 u - a +2 whip of flaming
 x - a +0 blowgun
Missiles
 s - 8 tomahawks (quivered)
 v - 3 javelins
 A - 11 poisoned needles
Armour
 e - a +4 ring mail
 q - a +1 cloak of magic resistance (worn)
 t - a +0 robe (worn)
Magical Staves
 C - an uncursed staff of death
Jewellery
 d - a ring of magical power (left hand)
 B - an uncursed ring of magical power
 E - a ring of fire (right hand)
Wands
 i - a wand of random effects (24)
 o - a wand of digging (13)
 F - a wand of flame (34)
Scrolls
 c - 3 scrolls of teleportation
 f - a scroll of enchant armour {unknown}
 g - 2 scrolls of remove curse
 h - 2 scrolls of enchant weapon {unknown}
 l - a scroll of immolation {unknown}
 m - a scroll of fog
 n - a scroll of amnesia
 p - a scroll of identify
 y - 2 scrolls of magic mapping
 D - a scroll of fear
 G - a scroll of blinking {unknown}
Books
 b - a book of Callings

   Spells                             Type                      Level
   a - Summon Small Mammal            Summoning                    1
   b - Call Imp                       Summoning                    2
   c - Call Canine Familiar           Summoning                    3
   d - Summon Guardian Golem          Hexes/Summoning              3
   e - Summon Lightning Spire         Summoning/Air                4
   f - Summon Ice Beast               Ice/Summoning                4
 w - a Young Poisoner's Handbook

   Spells                             Type                      Level
   a - Sting                          Conjuration/Poison           1
   b - Poisonous Vapours              Poison/Air                   2
   c - Mephitic Cloud                 Conjuration/Poison/Air       3
   d - Olgreb's Toxic Radiance        Poison                       4
   e - Venom Bolt                     Conjuration/Poison           5
 z - a book of Misfortune

   Spells                             Type                      Level
   a - Confusing Touch                Hexes                        1
   b - Confuse                        Hexes                        3
   c - Gell's Gravitas                Translocation                3
   d - Petrify                        Transmutation/Earth          4
   e - Metabolic Englaciation         Hexes/Ice                    5
   f - Yara's Violent Unravelling     Hexes/Transmutation          5


   Skills:
 - Level 1.5 Dodging
 - Level 1.5 Stealth
 + Level 7.1 Spellcasting
 * Level 7.5 Summonings
 + Level 3.5 Ice Magic
 + Level 2.5 Air Magic
 + Level 2.5 Invocations


You had 4 spell levels left.
You knew the following spells:

 Your Spells              Type           Power        Failure   Level  Hunger
a - Summon Small Mammal   Summ           ####         1%          1    N/A
b - Call Imp              Summ           ####....     1%          2    N/A
c - Call Canine Familiar  Summ           ####....     1%          3    N/A
d - Summon Ice Beast      Ice/Summ       ###.....     13%         4    N/A
f - Summon Lightning Spi  Summ/Air       ###.....     16%         4    N/A
g - Summon Guardian Gole  Hex/Summ       ###.....     8%          3    N/A

Dungeon Overview and Level Annotations

Branches:
Dungeon (8/15)             Temple (1/1) D:6
   Lair: D:8-11

Altars:
Ashenzari
Cheibriados
Elyvilon
Fedhas
Gozag
Hepliaklqana
Kikubaaqudgha
Makhleb
Nemelex Xobeh
Okawaru
Sif Muna
Trog
Uskayaw
Vehumet
Wu Jian
Xom
Yredelemnul
Zin
The Shining One

Shops:
D:6 =

Annotations:
D:7 Joseph
D:8 Psyche


Innate Abilities, Weirdness & Mutations

You do not eat or drink.
Your flesh is vulnerable to fire.
You are immune to poison.
Your flesh is cold resistant. (rC+)
You are immune to negative energy. (rN+++)
You are immune to unholy pain and torment.
You can survive without breathing.


Message History

The centaur shoots an arrow.
The arrow hits your ice beast!
Your hound bites something but does no damage.
Something closely misses your hound.
Your ice beast closely misses the hell hound.
The centaur shoots an arrow.
The arrow hits your ice beast.
Something hits your ice beast but does no damage.
Your ice beast barely misses the hell hound.
Unknown command.
Found a ration.
Unknown command.
Unknown command.
The hell hound barks!
You hear an angry growl.
The centaur wields an uncursed shortbow.
The centaur shoots an arrow.
The arrow hits your ice beast!
Your ice beast dies!
Unknown command.
You see here a ration.
There is a stone staircase leading up here.
The centaur shoots an arrow.
The arrow hits you!
You die...

... .## #.## h.### #..### ##.#
h.#. #....########.### o..#
##...........#...# .hY##
##....##........### .5{c###
###......########.####
.o((Y.####.c......########.##.#
8###(c.(....#%.............##.#
# ####.h..###..@..........#.##
###..##................##
#..#.....##...........#
#........########..####
##......## ##..## #.....##
##..## #.....# ##..## ###...))#
##..## #.......#####..##


You could see a centaur.

Vanquished Creatures
  A shadow (D:6)
  An ice beast (D:8)
  A phantom (D:7)
  A bullfrog (D:6)
  A howler monkey (D:4)
  A bullfrog zombie (D:5)
  An orc priest (D:6)
  3 adders
  An ooze (D:4)
  2 worms
  A dart slug (D:3)
  7 leopard geckos
  7 orcs
  3 giant cockroaches
  7 hobgoblins
  2 jackals (D:2)
  A quokka (D:2)
  A ball python (D:1)
  A bat (D:1)
  3 frilled lizards
  6 rats
52 creatures vanquished.

Vanquished Creatures (collateral kills)
  Pikel (D:5)
  Edmund (D:6)
  Purgy (D:3)
  An orc warrior (D:6)
  A phantom (D:7)
  A sky beast (D:7)
  2 black bears
  An ice beast (D:5)
  3 ogres
  4 wights (D:5)
  5 killer bees (D:7)
  2 howler monkeys (D:7)
  2 crimson imps
  A quasit (D:5)
  3 jellies (D:7)
  6 orc priests
  Crazy Yiuf (D:3)
  A bullfrog skeleton (D:4)
  A centaur skeleton (D:6)
  An iguana (D:4)
  Terence (D:2)
  10 orc wizards
  3 worker ants
  A hound skeleton (D:5)
  4 adders
  A dart slug (D:1)
  23 orcs
  2 ball pythons (D:1)
  2 bats (D:2)
  5 giant cockroaches
  5 hobgoblins
  3 jackals
  2 quokkas
  4 frilled lizards
  6 goblins
  A kobold (D:3)
  A quokka zombie (D:5)
  A rat (D:1)
114 creatures vanquished.

Vanquished Creatures (others)
  4 slaves (D:5)
  A wight (D:5)
  An orc priest (D:5)
  A howler monkey skeleton (D:5)
  3 orcs (D:5)
  4 toadstools (D:1)
14 creatures vanquished.

Grand Total: 180 creatures vanquished

Notes
Turn   | Place    | Note
-------+----------+-------------------------------------------
     0 | D:1      | mopl the Mummy Summoner began the quest for the Orb.
     0 | D:1      | Reached XP level 1. HP: 13/13 MP: 4/4
   281 | D:1      | Reached skill level 3 in Spellcasting
   284 | D:1      | Reached XP level 2. HP: 12/19 MP: 6/6
   401 | D:1      | Learned a level 2 spell: Call Imp
   789 | D:1      | You fall through a shaft!
   955 | D:2      | Noticed Terence
   969 | D:2      | Killed Terence
   969 | D:2      | Reached XP level 3. HP: 13/24 MP: 7/7
   975 | D:2      | Reached skill level 4 in Summonings
  1544 | D:2      | Learned a level 3 spell: Call Canine Familiar
  1548 | D:2      | Learned a level 3 spell: Summon Guardian Golem
  1701 | D:2      | Found a radiant altar of Vehumet.
  1837 | D:2      | Found an iron altar of Okawaru.
  1837 | D:2      | Found a basalt altar of Yredelemnul.
  1842 | D:2      | Found a snail-covered altar of Cheibriados.
  1844 | D:2      | Found a shattered altar of Ashenzari.
  1845 | D:2      | Found a shimmering altar of Xom.
  1995 | D:2      | Found a glowing silver altar of Zin.
  2095 | D:3      | Found an iron altar of Okawaru.
  2201 | D:3      | Reached XP level 4. HP: 30/30 MP: 9/9
  2252 | D:3      | Reached skill level 4 in Spellcasting
  2437 | D:3      | Noticed Purgy
  2457 | D:3      | Killed Purgy
  2457 | D:3      | Reached XP level 5. HP: 35/35 MP: 9/11
  3047 | D:3      | Reached skill level 5 in Summonings
  3356 | D:3      | Found a runed door.
  3361 | D:3      | Noticed Crazy Yiuf
  3368 | D:3      | Killed Crazy Yiuf
  3597 | D:4      | Learned a level 4 spell: Summon Ice Beast
  3607 | D:4      | Found a white marble altar of Elyvilon.
  3643 | D:4      | Noticed an ogre
  3662 | D:4      | Killed an ogre
  3662 | D:4      | Reached XP level 6. HP: 10/41 MP: 9/13
  4004 | D:4      | Reached skill level 5 in Spellcasting
  4677 | D:4      | Reached skill level 1 in Ice Magic
  4945 | D:5      | Entered Level 5 of the Dungeon
  4989 | D:5      | Found a hide-covered altar of Uskayaw.
  5050 | D:5      | Noticed Pikel
  5052 | D:5      | Noticed a slave
  5054 | D:5      | Noticed a slave
  5078 | D:5      | Noticed a slave
  5079 | D:5      | Noticed a slave
  5139 | D:5      | Killed Pikel
  5139 | D:5      | Reached skill level 6 in Summonings
  5139 | D:5      | Reached skill level 2 in Ice Magic
  5139 | D:5      | Reached XP level 7. HP: 46/46 MP: 1/15
  5350 | D:5      | Learned a level 4 spell: Summon Lightning Spire
  5428 | D:5      | Reached skill level 6 in Spellcasting
  5588 | D:5      | Found a bloodstained altar of Trog.
  5712 | D:5      | Found a bloodstained altar of Trog.
  5974 | D:6      | Found a staircase to the Ecumenical Temple.
  5987 | Temple   | Entered the Ecumenical Temple
  6004 | Temple   | Became a worshipper of Sif Muna the Loreminder
  6077 | D:6      | Noticed Edmund
  6084 | D:6      | Found Antymilal's Jewellery Boutique.
  6092 | D:6      | Killed Edmund
  6178 | D:6      | Reached skill level 1 in Air Magic
  6401 | D:6      | Reached XP level 8. HP: 48/52 MP: 17/17
  6435 | D:6      | Found a sparkling altar of Nemelex Xobeh.
  6722 | D:6      | Reached skill level 1 in Invocations
  6805 | D:6      | Found an ancient bone altar of Kikubaaqudgha.
  7054 | D:7      | Noticed Joseph
  7062 | D:7      | HP: 1/52 [worker ant (2)]
  7526 | D:7      | Reached skill level 7 in Summonings
  7526 | D:7      | Reached skill level 3 in Ice Magic
  7561 | D:7      | Reached * piety under Sif Muna
  7566 | D:7      | Reached skill level 2 in Air Magic
  7601 | D:7      | Found an ornate altar of the Wu Jian Council.
  7625 | D:7      | Reached skill level 2 in Invocations
  7894 | D:7      | Reached skill level 7 in Spellcasting
  8487 | D:8      | Noticed Psyche
  8505 | D:8      | HP: 1/52 [hell hound/blast of flame (19)]
  8516 | D:8      | Shot with an arrow by a centaur

Skill      XL: |  1  2  3  4  5  6  7  8 |
---------------+-------------------------+-----
Spellcasting   | 3 4 5 6 7 |  7.1
Summonings     | 4 5 6 7 |  7.5
Ice Magic      | 2 3 |  3.5
Air Magic      | 1 2 |  2.5
Invocations    | 2 |  2.5
Dodging        | |  1.5
Stealth        | |  1.5

Action                   |  1- 3 |  4- 6 |  7- 9 || total
-------------------------+-------+-------+-------++-------
Melee: Unarmed           |    43 |       |       ||    43
       Spear             |    54 |   167 |    89 ||   310
       Trident           |       |       |    82 ||    82
 Cast: Summon Small Mamm |    20 |     1 |       ||    21
       Call Imp          |    26 |    23 |     9 ||    58
       Call Canine Famil |     2 |    20 |    14 ||    36
       Summon Guardian G |       |     7 |     3 ||    10
       Summon Ice Beast  |       |     1 |    45 ||    46
       Summon Lightning  |       |       |     5 ||     5
Evoke: Wand              |       |       |     1 ||     1
  Use: Scroll            |       |       |     9 ||     9
 Stab: Distracted        |     2 |       |     1 ||     3
       Sleeping          |     4 |     4 |     1 ||     9
Armor: Robe              |    14 |    21 |    43 ||    78
Dodge: Dodged            |    53 |    84 |   105 ||   242
